cohdb
Replays
Latest Replays
All Replays
Popular Replays
Top Player Replays
Match Explorer
How It Works
Community
CoH3 Stats
Reddit
Sign in to upload your games and track your stats! →
Sign in with Steam
Match 40788014
Unlisted
Match 40788014
Overview
Messages
Build Orders
End
Construct Weapon Support Center
Scout Squad
M1919 Machine Gun Team
Bazooka Squad
Bazooka Squad
Construct Barracks
Riflemen Squad
Riflemen Squad
Mechanized Support Center
Selects Heavy Weapons
Selects M2HB .50cal Heavy Machine Gun
Selects Assault Carriers
Construct Medical Station
M3 Assault Carrier
Selects Exchangeable Parts
Selects Gallant Stand
Grenade Package
M3 Assault Carrier
Bia Bia Bia
MZMZ
.k boy
jerjawe
ITCI
Suicul
黑框眼镜
Marcus Edward
0
0
Comments
sign in to comment!
No comments posted yet!